 Dungeon Crawl Stone Soup version 0.20-a0-1074-g6a0a8e1 (console) character file.

41 Duffy the Chopper (level 3, 31/31 HPs)
             Began as a Gnoll Monk on Apr 29, 2017.
             Quit the game on level 3 of the Dungeon.
             The game lasted 00:02:16 (1662 turns).

Duffy the Chopper (Gnoll Monk)                      Turns: 1662, Time: 00:02:17

Health: 31/31      AC:  3    Str: 11    XL:     3   Next: 52%
Magic:  3/3        EV: 11    Int: 10    God:
Gold:   107        SH:  7    Dex: 16    Spells: 2/2 levels left

rFire    + . .     SeeInvis .   a - +1 hand axe
rCold    x . .     Gourm    .   q - +0 shield
rNeg     . . .     Faith    .   s - +0 leather armour
rPois    .         Spirit   .   (no helmet)
rElec    .         Reflect  .   (no cloak)
rCorr    .         Harm     .   (no gloves)
MR       .....                  (no boots)
Stlth    ++........             (no amulet)
Regen    0.1/turn               r - ring of fire (curse)
MPRegen  0.1/turn               (no ring)

@: no status effects
A: short attention span, fangs 1, strong nose
a: no special abilities


You were on level 3 of the Dungeon.
You were not hungry.

You visited 1 branch of the dungeon, and saw 3 of its levels.

You collected 107 gold pieces.

Inventory:

Hand Weapons
 a - a +1 hand axe (weapon)
Armour
 q - a +0 shield (worn)
 s - a +0 leather armour (worn)
Jewellery
 r - a cursed ring of fire (left hand)
Scrolls
 e - 3 scrolls of amnesia
 m - a scroll of enchant armour
Potions
 d - a potion of curing {unknown}
 g - a potion of haste {unknown}
 n - a potion of invisibility {unknown}
Comestibles
 c - 4 bread rations
 f - 2 meat rations
 i - 2 chunks of flesh
 o - 3 fruits


   Skills:
 - Level 4.4 Fighting
 + Level 6.4 Axes
 - Level 4.4 Dodging
 - Level 2.6 Stealth


You had 2 spell levels left.
You didn't know any spells.

Dungeon Overview and Level Annotations

Branches:
Dungeon (3/15)

Altars:
Nemelex Xobeh
Vehumet


Innate Abilities, Weirdness & Mutations

You have a short attention span.
You have very sharp teeth.
Your uncanny sense of smell can sniff out nearby items.


Message History

You drop a +0 robe.
You drop a +2 buckler.
As you read the scroll labeled NUGROA ANUEN, it crumbles to dust.
It is a scroll of amnesia.
You feel forgetful for a moment.
Drop what? 17/52 slots (_ for help) (? for menu, Esc to quit)
Okay, then.
As you read the scroll labeled NIOPNI YPAE, it crumbles to dust.
You feel strangely unstable.
It was a scroll of teleportation.
As you read the scroll labeled SAPIQ QOSA, it crumbles to dust.
It is a scroll of enchant weapon.
Your +0 hand axe glows red for a moment.
As you read the scroll labeled LECHUFAGEU, it crumbles to dust.
It is a scroll of identify.
m - a scroll of enchant armour Your surroundings suddenly seem different.
A goblin comes into view. It is wielding a club.
As you read the scroll labeled YXOLEF KIXOUMU, it crumbles to dust.
The scroll dissolves into smoke.
It was a scroll of fog.
Are you sure you want to abandon this character and quit the game? (Confirm with "yes".)

{
#####
...g
#00
#0# {
#@#
#0#
#00
####


There were no monsters in sight!

Vanquished Creatures
  A worm (D:2)
  3 leopard geckos
  5 bats
  2 giant cockroaches (D:2)
  4 goblins
  4 hobgoblins
  6 kobolds
  A quokka (D:2)
  5 frilled lizards
  4 rats
35 creatures vanquished.

Notes
Turn   | Place    | Note
-------+----------+-------------------------------------------
     0 | D:1      | Duffy the Gnoll Monk began the quest for the Orb.
     0 | D:1      | Reached XP level 1. HP: 20/20 MP: 1/1
   159 | D:1      | Reached skill level 5 in Axes
   161 | D:1      | Reached XP level 2. HP: 23/26 MP: 2/2
   718 | D:2      | Found a radiant altar of Vehumet.
   779 | D:2      | Found a faded altar of an unknown god.
   789 | D:2      | Reached skill level 6 in Axes
   789 | D:2      | Reached XP level 3. HP: 25/31 MP: 3/3
   999 | D:2      | Found a sparkling altar of Nemelex Xobeh.
  1662 | D:3      | Quit the game

Vault maps used:
D:1:      eino_arrival_water_cross
D:2:      vehumet_crystals, first_bread, chequers_ecumenical_altar_island,
          nemelex_lonely_heart_becter

Skill      XL: |  1  2 |
---------------+-------+-----
Axes           | 5 6 |  6.4
Fighting       | |  4.4
Dodging        | |  4.4
Stealth        | |  2.6

Action                   || total
-------------------------++-------
Melee: Hand axe          ||    97
       Bite              ||     9
  Use: Scroll            ||     5
 Stab: Sleeping          ||     8
  Eat: Chunk             ||     2
Armor: Robe              ||    14
Dodge: Dodged            ||    53
Block: Buckler           ||     9
       Shield            ||    10
